 Dungeon Crawl Stone Soup version 0.25.0-1-g7eea58d2a3 (console) character file.

Game seed: 14385467290097373457

100 bli the Skirmisher (level 5, -6/42 HPs)
             Began as a Formicid Abyssal Knight on June 14, 2020.
             Was a Follower of Lugonu.
             Mangled by a gnoll
             ... wielding a +0 flail
              (11 damage)
             ... on level 3 of the Dungeon.
             The game lasted 00:07:16 (2560 turns).

bli the Skirmisher (Formicid Abyssal Knight)        Turns: 2560, Time: 00:07:17

Health: -6/42      AC:  6    Str: 16    XL:     5   Next: 3%
Magic:  6/6        EV:  8    Int: 12    God:    Lugonu [*.....]
Gold:   98         SH:  7    Dex: 11    Spells: 4/4 levels left

rFire    . . .     SeeInvis +   a - +1 hand axe
rCold    . . .     Gourm    .   j - +0 kite shield
rNeg     . . .     Faith    .   e - +0 ring mail
rPois    .         Spirit   .   (helmet unavailable)
rElec    .         Reflect  .   (no cloak)
rCorr    .         Harm     .   (no gloves)
MR       .....                  u - +0 pair of boots
Stlth    +.........             t - amulet of magic regeneration
HPRegen  0.14/turn              (no ring)
MPRegen  0.35/turn              (no ring)

@: no status effects
A: permanent stasis, dig shafts and tunnels, four strong arms, antennae 3
a: Dig, Shaft Self, Depart the Abyss, Renounce Religion


You were on level 3 of the Dungeon.
You worshipped Lugonu.
Lugonu was aware of your devotion.
You were hungry.

You visited 1 branch of the dungeon, and saw 3 of its levels.
You visited the Abyss 1 time.

You collected 98 gold pieces.

Inventory:

Hand Weapons
 a - a +1 hand axe (weapon)
 l - a +0 hunting sling
Missiles
 f - 50 sling bullets
 o - 27 stones (quivered)
 r - 3 javelins
Armour
 b - a +0 leather armour
 e - a +0 ring mail (worn)
 j - a +0 kite shield (worn)
 s - a cursed +0 robe
 u - a +0 pair of boots (worn)
Jewellery
 t - an amulet of magic regeneration (around neck)
Scrolls
 g - 2 scrolls of identify {unknown}
 h - 3 scrolls of remove curse {unknown}
 i - a scroll of immolation {unknown}
 m - 2 scrolls of teleportation {unknown}
 n - a scroll of enchant armour {unknown}
 p - a scroll of amnesia {unknown}
Potions
 d - 2 potions of haste {unknown}
 k - 5 potions of curing {unknown}
 q - a potion of heal wounds {unknown}
Comestibles
 c - 9 rations
 v - 2 chunks of flesh


   Skills:
 + Level 4.1 Fighting
 + Level 2.9 Axes
 * Level 2.9 Armour
 + Level 1.2 Dodging
 * Level 1.4 Stealth
 + Level 1.2 Shields
 + Level 2.6 Invocations


You had 4 spell levels left.
You didn't know any spells.
Your spell library was empty.

Dungeon Overview and Level Annotations

Branches:
Dungeon (3/15)

Altars:
Ashenzari
Fedhas
Nemelex Xobeh
Qazlal
Ru
The Shining One


Innate Abilities, Weirdness & Mutations

You cannot be hasted, slowed, berserked, paralysed or teleported.
You can dig through walls and to a lower floor.
Your four strong arms can wield two-handed weapons with a shield.
You have a pair of large antennae on your head. (SInv)


Message History

The gnoll barely misses you.
The gnoll hits you from afar with a +0 halberd!
* * * LOW HITPOINT WARNING * * *
You block the gnoll's attack.
You see here a ring mail.
The gnoll hits you but does no damage.
Found a ration.
You see here a +0 club.
There is a stone staircase leading down here.
The gnoll barely misses you.
The gnoll hits you from afar with a +0 halberd.
* * * LOW HITPOINT WARNING * * *
The gnoll hits the fungus with a +0 halberd!
The gnoll hits the fungus with a +0 halberd!
You closely miss the gnoll.
The gnoll is lightly wounded.
You block the gnoll's attack. The gnoll misses you.
The gnoll hits the bush with a +0 halberd.
The gnoll hits you with a +0 flail!
You die...

#.#... ♣♣ #.#..######
PP.♣♣.#.......#
........<# #.# ♣.....#
#.# ♣♣♣♣♣#.#[÷.# #.#
#.#..........# #.#
###.######.....###.#
{#.........<.....)÷.# #
#%#.########.#.#####
#.#.#..#..@...........
###.#.#.#ggg..##########
..........)>..'.......
###^.^....P...########
..^≈.≈^..PPPP.'.....#
##^._....._P..#####.#
#.≈≈.≈.PPPP..# #.#
...≈.^....gP..# #.#
####.##...#########.##
.........[.........#
##.###.###.######.#.#


You could see 4 gnolls.

Vanquished Creatures
  2 gnolls (D:1)
  An adder (D:3)
  An ooze (D:1)
  2 worms (D:2)
  5 dart slugs (D:1)
  A leopard gecko (D:1)
  4 orcs (D:2)
  5 bats
  2 giant cockroaches (D:1)
  7 goblins
  3 hobgoblins
  3 jackals (D:2)
  2 kobolds (D:1)
  A quokka (D:3)
  2 frilled lizards (D:1)
  4 rats (D:2)
45 creatures vanquished.

Notes
Turn   | Place    | Note
-------+----------+-------------------------------------------
     0 | Abyss:1  | bli the Formicid Abyssal Knight began the quest for the
                  | Orb.
     0 | Abyss:1  | Reached XP level 1. HP: 18/18 MP: 2/2
     7 | Abyss:1  | Found a corrupted altar of Lugonu.
    59 | Abyss:1  | Noticed a large abomination
   102 | D:1      | Escaped the Abyss
   183 | D:1      | Reached XP level 2. HP: 22/24 MP: 3/3
   376 | D:1      | Reached * piety under Lugonu
   376 | D:1      | Reached XP level 3. HP: 25/30 MP: 4/4
   940 | D:1      | Reached skill level 4 in Fighting
  1084 | D:1      | Reached skill level 1 in Dodging
  1084 | D:1      | Reached XP level 4. HP: 36/37 MP: 5/5
  1392 | D:2      | Reached skill level 1 in Shields
  1465 | D:2      | Found a sparkling altar of Nemelex Xobeh.
  1732 | D:2      | Reached skill level 1 in Stealth
  1838 | D:2      | Found a sacrificial altar of Ru.
  2333 | D:2      | Found a glowing golden altar of the Shining One.
  2425 | D:3      | Found a blossoming altar of Fedhas.
  2428 | D:3      | Found a stormy altar of Qazlal.
  2433 | D:3      | Reached XP level 5. HP: 39/42 MP: 6/6
  2485 | D:3      | Found a shattered altar of Ashenzari.
  2560 | D:3      | Mangled by a gnoll

Illustrated notes

Levels and vault maps discovered:
D:1:      dpeg_arrival_tiny_c, layout_basic, dk_noncrumbling_3
D:2:      layout_basic, tso_oasis_becter, nicolae_ru_the_path_less_chosen,
          first_ration, lemuel_altar_in_water
D:3:      layout_basic, lemuel_doored_altar,
          grunt_temple_overflow_forces_of_nature, serial_forest,
          infiniplex_forest_end_1, infiniplex_forest_end_3,
          infiniplex_forest_clump_C, infiniplex_forest_diagonal,
          infiniplex_forest_straight_2, infiniplex_forest_lined_2,
          minmay_fountain_box, uniq_jessica

Skill      XL: |  1  2  3  4 |
---------------+-------------+-----
Fighting       | 4 |  4.1
Dodging        | 1 |  1.2
Shields        | 1 |  1.2
Stealth        | 1 |  1.4
Axes           | |  2.9
Armour         | |  2.9
Invocations    | |  2.6

Action                   |  1- 3 |  4- 6 || total
-------------------------+-------+-------++-------
Melee: Hand axe          |    57 |    92 ||   149
Invok: Depart the Abyss  |     1 |       ||     1
 Abil: Dig               |     1 |     3 ||     4
  Eat: Chunk             |     1 |     4 ||     5
Armor: Ring mail         |    13 |    36 ||    49
Dodge: Dodged            |    18 |    26 ||    44
Block: Kite shield       |    18 |    28 ||    46
